 Dungeon Crawl Stone Soup version 0.31-b1-12-gca42e3d1b8 (webtiles) character file.

Game seed: 13804105126568656130

110212 groovy9 the Executioner (level 16, -3/154 HPs)
             Began as a Minotaur Berserker on Jan 14, 2024.
             Was a High Priest of Trog.
             Slain by an Ice Fiend (12 damage)
             ... summoned by a deep elf demonologist
             ... on level 1 of the Elven Halls.
             The game lasted 01:25:10 (21153 turns).

groovy9 the Executioner (Minotaur Berserker)       Turns: 21153, Time: 01:25:11

Health: -3/154     AC: 35    Str: 31    XL:     16   Next: 6%
Magic:  15/15      EV:  9    Int:  4    God:    Trog [*****.]
Gold:   64         SH:  0    Dex:  9    Spells: 15/15 levels left

rFire   + + .        f - +2 battleaxe (flame)
rCold   + + .        (shield currently unavailable)
rNeg    + . .        V - +8 plate armour {rC+}
rPois   +            a - -2 hat of the Alchemist {rElec rPois rF+ rC+ rN+ Will+ rMut rCorr}
rElec   +            E - +2 cloak of Vlad {^Contam rPois rCorr Stlth+}
rCorr   +            r - +0 pair of gloves {hurl}
SInv    .            A - +1 pair of boots
Will    ++...        (no amulet) Stlth
                     M - ring of protection from fire
HPRegen 0.45/turn    w - +4 ring of protection
MPRegen 0.14/turn

%: resist mutation
@: about to teleport, very slow
A: horns 2, retaliatory headbutt
a: Renounce Religion, Berserk, Trog's Hand, Brothers in Arms


You were on level 1 of the Elven Halls.
You worshipped Trog.
Trog was extremely pleased with you.
You visited 5 branches of the dungeon, and saw 22 of its levels.
You also visited: Bailey and Ice Cave.

You collected 2458 gold pieces.
You spent 2394 gold pieces at shops.

Inventory:

Hand Weapons
 f - a +2 battleaxe of flaming (weapon)
 R - a +0 vampiric hand axe
 S - a +0 broad axe
Armour
 a - the -2 hat of the Alchemist (worn) {rElec rPois rF+ rC+ rN+ Will+ rMut rCorr}
   (You bought it in a shop on level 2 of the Orcish Mines)

   rF+:       It protects you from fire.
   rC+:       It protects you from cold.
   rElec:     It insulates you from electricity.
   rPois:     It protects you from poison rN+: It protects you from negative
   energy.
   Will+:     It increases your willpower.
   rCorr:     It protects you from acid and corrosion.
   rMut:      It protects you from mutation.
 r - a +0 pair of gloves of hurling (worn)
 A - a +1 pair of boots (worn)
 E - the +2 cloak of Vlad (worn) {^Contam rPois rCorr Stlth+}
   (You acquired it on level 2 of the Orcish Mines)

   rPois:     It protects you from poison ^Contam: It causes magical
   contamination when unequipped.
   rCorr:     It protects you from acid and corrosion.
   Stlth+:    It makes you more stealthy.
 O - a +0 hat of willpower
 V - a +8 plate armour of cold resistance (worn)
Jewellery
 w - a +4 ring of protection (right hand)
 K - a +5 ring of evasion
 M - a ring of protection from fire (left hand)
 U - a ring of positive energy
Wands
 b - a wand of roots (9)
 p - a wand of paralysis (26)
 q - a wand of flame (13)
 t - a wand of polymorph (6)
 u - a wand of light (6)
 P - a wand of mindburst (5)
Scrolls
 c - 3 scrolls of poison
 e - 9 scrolls of teleportation
 g - 2 scrolls of fear
 h - 7 scrolls of fog
 k - 7 scrolls of enchant weapon
 C - 2 scrolls of noise
 D - 4 scrolls of immolation
 H - 7 scrolls of identify
 I - a scroll of summoning
 Q - 2 scrolls of torment
 T - 3 scrolls of vulnerability
Potions
 d - 3 potions of haste
 i - 2 potions of magic
 j - 2 potions of invisibility
 m - 7 potions of cancellation
 n - 6 potions of curing
 o - 8 potions of heal wounds
 s - 2 potions of resistance
 v - 2 potions of ambrosia
 z - a potion of might
 B - a potion of degeneration {unknown}
 F - 3 potions of lignification
 G - 5 potions of enlightenment
 J - 2 potions of mutation
Miscellaneous
 l - a sack of spiders


   Skills:
 + Level 16.8 Fighting
 * Level 23.8 Axes
 + Level 16.5 Armour
 - Level 2.1 Dodging


You had 15 spell levels left.
You didn't know any spells.
Your spell library was empty.

Dungeon Overview and Level Annotations

Branches:
Dungeon (13/15)            Temple (1/1) D:6            Lair (5/5) D:8
 Shoals (0/4) Lair:2       Spider (0/4) Lair:2        Slime (0/5) Lair:4
    Orc (2/2) D:12            Elf (1/3) Orc:2        Bailey (visited)
  IceCv (visited)
 Vaults: D:13-14

Altars:
Ashenzari
Cheibriados
Dithmenos
Elyvilon
Fedhas
Gozag
Hepliaklqana
Kikubaaqudgha
Makhleb
Nemelex Xobeh
Okawaru
Qazlal
Ru
Sif Muna
Trog
Uskayaw
Vehumet
Wu Jian
Xom
Yredelemnul
Zin
The Shining One

Shops:
D:1 *   D:4 :   D:8 *(   D:10 (   D:11 [   Orc:2 [****


Innate Abilities, Weirdness & Mutations

You have a pair of horns on your head.
You reflexively headbutt those who attack you in melee.


Message History

The deep elf demonologist convulses!
Your body is wracked with pain!
The deep elf pyromancer convulses!
The deep elf demonologist splashes around in the water.
You are too injured to fight recklessly!
You are too injured to fight recklessly!
You are too injured to fight recklessly!
You are too injured to fight recklessly!
You are too injured to fight recklessly!
You are too injured to fight recklessly!
You are too injured to fight recklessly!
You are too injured to fight recklessly!
You are too injured to fight recklessly!
You are too injured to fight recklessly!
You are too injured to fight recklessly!
You are too injured to fight recklessly!
You are too injured to fight recklessly!
You are too injured to fight recklessly!
You are too injured to fight recklessly!
You are too injured to fight recklessly!
You are too injured to fight recklessly!
You are too injured to fight recklessly!
As you read the scroll of teleportation, it crumbles to dust.
You feel strangely unstable. The +0 halberd of freezing hits you!
The +0 halberd of freezing freezes you. The sun demon hits you!!
* * * LOW HITPOINT WARNING * * *
You are engulfed in flames.
You resist.
* * * LOW HITPOINT WARNING * * *
The deep elf pyromancer gestures wildly while chanting.
The deep elf pyromancer blinks!
The +0 halberd of freezing hits you!
* * * LOW HITPOINT WARNING * * *
The +0 halberd of freezing freezes you.
* * * LOW HITPOINT WARNING * * *
The hellwing hits you but does no damage.
The hellwing barely misses you. The orange demon misses you.
The Ice Fiend claws you!
* * * LOW HITPOINT WARNING * * *
The Ice Fiend freezes you! You resist.
You die...
Bones file is buggy: /crawl-master/crawl-0.31/saves/bones/bones.store.Elf Clearing bad bones file: /crawl-master/crawl-0.31/saves/bones/bones.store.Elf

############
#(...~~~...##
#.#..~~~....##
#.#.~~~~~....#
e.#.###.#.~e~~~....#
.......e[)43~~~..<.#
e☼#°#○.##4(@~))....#
#.... #.e1~[~....#
#..## #..~~~....##
#.. #..~~~...## ...
########## #.. ..#


You could see an Ice Fiend (summoned), a sun demon (summoned), a deep elf
demonologist, an orange demon (summoned), a hellwing (summoned), a deep elf
pyromancer, a deep elf zephyrmancer and a +0 halberd of freezing.

Vanquished Creatures
  Gastronok (D:11)
  Snorg (Lair:3)
  5 hydras
  6 two-headed ogres
  3 boulder beetles
  2 ironbound frosthearts (IceCv)
  2 dancing weapons (Elf:1)
  7 death yaks
  An orc high priest (Orc:2)
  Urug (D:12)
  Sonja (Lair:2)
  Amaemon (D:9)
  2 deep elf knights (Elf:1)
  Nergalle (Lair:1)
  2 skysharks
  A deep elf archer (Elf:1)
  10 orc knights
  4 deep elf pyromancers (Elf:1)
  An orc sorcerer (Orc:2)
  A manticore (D:11)
  2 cyclopes
  23 elephants
  4 kobold blastminers (Orc:2)
  Maurice (Orc:2)
  4 black mambas
  A torpor snail (Lair:5)
  An orange demon (D:9)
  10 cane toads
  An ice statue (IceCv)
  2 unseen horrors
  3 gargoyles
  2 unseen horror zombies (D:9)
  9 rime drakes
  3 komodo dragons
  Psyche (D:11)
  6 trolls
  12 polar bears
  4 hornets
  9 saltlings (Orc:2)
  7 dream sheep (Lair:5)
  13 blink frogs
  10 spriggans (Lair:5)
  A wraith (D:12)
  8 wyverns
  68 yaks
  2 vampires
  A fire elemental (Elf:1)
  4 wargs
  4 basilisks
  An acid dragon (D:10)
  20 water moccasins
  6 black bears
  An ice beast (D:5)
  27 orc warriors
  3 ogres
  A sky beast (D:6)
  5 boggarts (Lair:5)
  9 centaurs
  58 wolves
  A phantom (D:5)
  3 kobold brigands
  14 bullfrogs
  8 scorpions
  7 wights
  5 killer bees (D:8)
  3 howler monkeys
  An electric eel (Lair:1)
  3 hounds
  6 jellies
  10 orc priests
  2 sleepcaps
  Terence (D:2)
  2 iguanas (D:7)
  15 orc wizards
  4 gnolls
  7 adders
  2 river rats (D:10)
  5 shadow imps
  15 white imps
  3 ufetubi (D:6)
  3 ribbon worms
  84 orcs
  10 endoplasms
  7 giant cockroaches
  6 hobgoblins
  4 jackals (D:1)
  6 quokkas
  8 ball pythons
  3 bats
  A frilled lizard (D:2)
  9 goblins
  23 kobolds
  3 rats (D:1)
684 creatures vanquished.

Vanquished Creatures (others)
  A deep elf zephyrmancer (Elf:1)
1 creature vanquished.

Grand Total: 685 creatures vanquished

Notes
Turn   | Place    | Note
-------+----------+-------------------------------------------
     0 | D:1      | groovy9 the Minotaur Berserker began the quest for the Orb.
     0 | D:1      | Reached XP level 1. HP: 19/19 MP: 0/0
   277 | D:1      | Reached skill level 4 in Axes
   319 | D:1      | Reached XP level 2. HP: 26/27 MP: 1/1
   547 | D:1      | Reached XP level 3. HP: 24/33 MP: 2/2
   630 | D:1      | Found Mauss's Assorted Antiques.
   703 | D:1      | Found a faded altar of an unknown god.
  1152 | D:2      | Noticed Terence
  1158 | D:2      | Killed Terence
  1159 | D:2      | Reached skill level 5 in Axes
  1159 | D:2      | Reached XP level 4. HP: 31/41 MP: 3/3
  1302 | D:2      | Reached ** piety under Trog
  1883 | D:3      | Reached XP level 5. HP: 47/47 MP: 4/4
  2183 | D:4      | Reached skill level 6 in Axes
  2320 | D:4      | Found Beafufuw's Book Emporium.
  2420 | D:4      | Reached skill level 5 in Fighting
  2429 | D:4      | Reached XP level 6. HP: 54/56 MP: 5/5
  2905 | D:5      | Entered Level 5 of the Dungeon
  2910 | D:5      | Reached *** piety under Trog
  2911 | D:5      | Reached skill level 7 in Axes
  3017 | D:5      | Reached skill level 5 in Armour
  3017 | D:5      | Reached XP level 7. HP: 56/61 MP: 6/6
  3141 | D:5      | Identified the +4 flail "Anuof" {venom, Int+8}
  3156 | D:5      | Reached skill level 8 in Axes
  3220 | D:5      | Found a shimmering altar of Xom.
  3553 | D:5      | Found a glowing golden altar of the Shining One.
  3972 | D:6      | Reached XP level 8. HP: 60/71 MP: 7/7
  4052 | D:6      | Reached skill level 9 in Axes
  4453 | D:6      | Reached skill level 10 in Axes
  4797 | D:6      | Reached XP level 9. HP: 81/81 MP: 8/8
  5143 | D:6      | Found a staircase to the Ecumenical Temple.
  5241 | Temple   | Entered the Ecumenical Temple
  5369 | D:7      | Found a flagged portal.
  5381 | Bailey   | Entered a bailey
  5393 | Bailey   | Reached skill level 11 in Axes
  5570 | Bailey   | Noticed an orc knight
  5593 | Bailey   | Killed an orc knight
  5594 | Bailey   | Reached skill level 12 in Axes
  5703 | Bailey   | Noticed an orc knight
  5717 | Bailey   | Killed an orc knight
  5846 | D:7      | Reached XP level 10. HP: 91/91 MP: 9/9
  6295 | D:7      | Found a shimmering blue altar of Sif Muna.
  6406 | D:8      | Reached skill level 13 in Axes
  6466 | D:8      | Found a staircase to the Lair.
  6716 | D:8      | Reached skill level 10 in Fighting
  7011 | D:8      | Found Juidd's Fire Supplies.
  7020 | D:8      | Bought a scroll of immolation for 52 gold pieces
  7148 | D:8      | Noticed a boulder beetle
  7165 | D:8      | Killed a boulder beetle
  7166 | D:8      | Reached skill level 14 in Axes
  7166 | D:8      | Reached skill level 10 in Armour
  7189 | D:8      | Found Miravah's Firing Range.
  7620 | D:9      | Noticed Amaemon
  7657 | D:9      | Killed Amaemon
  7726 | D:9      | Noticed an orange demon
  7734 | D:9      | Killed an orange demon
  7735 | D:9      | Reached XP level 11. HP: 101/101 MP: 10/10
  7946 | D:9      | Found a basalt altar of Yredelemnul.
  7985 | D:9      | Found an opulent altar of Gozag.
  8162 | D:9      | Found a sacrificial altar of Ru.
  8163 | D:9      | Found a bloodstained altar of Trog.
  8206 | D:10     | Entered Level 10 of the Dungeon
  8300 | D:10     | Reached skill level 15 in Axes
  8653 | D:10     | Reached **** piety under Trog
  8846 | D:10     | Found Qeto's Antique Weapon Shoppe.
  8907 | D:10     | Found a glowing silver altar of Zin.
  9176 | D:11     | Noticed Psyche
  9183 | D:11     | Killed Psyche
  9390 | D:11     | Found Ocak's Antique Armour Shoppe.
  9398 | D:11     | Bought a runed hat for 196 gold pieces
  9430 | D:11     | Identified the +1 chain mail of Dramatic Exits {rC- Str+2
                  | Slay+2}
  9485 | D:11     | Noticed Gastronok
  9486 | D:11     | Noticed a two-headed ogre
  9496 | D:11     | Killed Gastronok
  9497 | D:11     | Reached skill level 16 in Axes
  9511 | D:11     | Killed a two-headed ogre
  9989 | D:12     | Noticed a two-headed ogre
 10009 | D:12     | Killed a two-headed ogre
 10010 | D:12     | Reached XP level 12. HP: 112/112 MP: 11/11
 10229 | D:12     | Noticed a two-headed ogre
 10236 | D:12     | Killed a two-headed ogre
 10269 | D:12     | Found a staircase to the Orcish Mines.
 10338 | D:12     | Reached skill level 17 in Axes
 10352 | D:12     | Noticed a boulder beetle
 10383 | D:12     | Killed a boulder beetle
 10589 | D:12     | Noticed Urug
 10599 | D:12     | Killed Urug
 10724 | Orc:1    | Entered Level 1 of the Orcish Mines
 11302 | Orc:2    | Entered Level 2 of the Orcish Mines
 11422 | Orc:2    | Reached skill level 18 in Axes
 11536 | Orc:2    | Found Pef Asimech's Assorted Antiques.
 11541 | Orc:2    | Bought a scroll of identify for 38 gold pieces
 11654 | Orc:2    | Identified a scroll of acquirement
 11654 | Orc:2    | Acquired the +2 cloak of Vlad {^Contam rPois rCorr Stlth+}
 11685 | Orc:2    | Noticed an orc high priest
 12026 | Orc:2    | Noticed Maurice
 12039 | Orc:2    | Killed Maurice
 12078 | Orc:2    | Reached XP level 13. HP: 109/123 MP: 12/12
 12550 | Orc:2    | Reached skill level 19 in Axes
 12654 | Orc:2    | Found a staircase to the Elven Halls.
 12704 | Orc:2    | Found Tyel's Antique Armour Boutique.
 12977 | Orc:2    | Found Meniy's Assorted Antiques.
 13000 | Orc:2    | Bought a scroll of identify for 50 gold pieces
 13000 | Orc:2    | Bought 2 scrolls labelled LUTEAH MOICHOI for 50 gold pieces
 13054 | Orc:2    | Found Mankeh's General Store.
 13056 | Orc:2    | Found Hiochiaf's General Store.
 13061 | Orc:2    | Bought a scroll of identify for 26 gold pieces
 13336 | Lair:1   | Entered Level 1 of the Lair of Beasts
 13455 | Lair:1   | Noticed Nergalle
 13459 | Lair:1   | Killed Nergalle
 13495 | Lair:1   | Reached skill level 20 in Axes
 13495 | Lair:1   | Reached XP level 14. HP: 132/132 MP: 13/13
 13753 | Lair:1   | Reached skill level 21 in Axes
 14156 | Lair:2   | Found a hole to the Spider Nest.
 14193 | Lair:2   | Found a staircase to the Shoals.
 14228 | Lair:2   | Found a radiant altar of Vehumet.
 14406 | Lair:2   | Noticed Sonja
 14431 | Lair:2   | Killed Sonja
 15103 | Lair:3   | Identified the +1 scale mail "Peolen" {-Tele MP+9 Str+7
                  | Stlth-}
 15470 | Lair:3   | Noticed Snorg
 15480 | Lair:3   | Killed Snorg
 15976 | Lair:4   | Reached skill level 15 in Fighting
 16025 | Lair:4   | Reached XP level 15. HP: 141/141 MP: 14/14
 16035 | Lair:4   | Reached skill level 15 in Armour
 16043 | Lair:4   | Reached skill level 22 in Axes
 16350 | Lair:4   | Reached ***** piety under Trog
 16517 | Lair:4   | Found a staircase to the Slime Pits.
 17200 | Lair:5   | Entered Level 5 of the Lair of Beasts
 17714 | Lair:5   | Received a gift from Trog
 18411 | Lair:5   | Reached skill level 23 in Axes
 19481 | Elf:1    | Entered Level 1 of the Elven Halls
 20246 | D:13     | Found a frozen archway.
 20264 | IceCv    | Entered an ice cave
 20447 | IceCv    | Received a gift from Trog
 20840 | IceCv    | Reached XP level 16. HP: 152/152 MP: 15/15
 21105 | Orc:2    | Bought the -2 hat of the Alchemist {rElec rPois rF+ rC+ rN+
                  | Will+ rMut rCorr} for 1982 gold pieces
 21105 | Orc:2    | Found the -2 hat of the Alchemist {rElec rPois rF+ rC+ rN+
                  | Will+ rMut rCorr}
 21150 | Elf:1    | Noticed an Ice Fiend
 21153 | Elf:1    | Slain by an Ice Fiend

Illustrated notes

Levels and vault maps discovered:
D:1:      onia_arrival_mini_maze, layout_basic, basic_ecumenical_altar,
          serial_shops, nicolae_shop_advertising_works
          [nicolae_subvault_shop_adworks], nicolae_figureground_pulse
D:2:      layout_rooms, nicolae_concentric_dashed_squares_wild, uniq_terence
D:3:      layout_basic
D:4:      layout_loops_cross, serial_shops, shop_fountains
D:5:      layout_basic, marbit_many_paths, lemuel_round_altar
D:6:      layout_basic, minmay_temple_entry_gardened_gates, serial_demonic,
          serial_demonic_f, serial_demonic_e, serial_demonic_d, serial_demonic_e
D:7:      layout_loops_ring, tgw_sif, enter_bailey_3,
          serial_library_hellmonk_u_bend, nicolae_concentric_dashed_squares_mild
D:8:      layout_basic, minmay_lair_entry_grove, nicolae_shop_fire_sale
          [nicolae_sub_dead_trees], small_chamber_with_monster,
          nicolae_shop_firing_range
D:9:      layout_cave_pools, mainiacjoe_overflow_divided_tiny,
          lemuel_zombie_altar_yredelemnul,
          nicolae_gozag_cash_rules_everything_around_me, uniq_amaemon
D:10:     layout_roguey, kennysheep_mini, serial_shops,
          nicolae_shop_competitors_out_of_business, serial_park_tiny_pond, pond
D:11:     cheibrodos_elevator_heist, layout_basic, serial_shops,
          nicolae_shop_tiny_statue_garden, uniq_gastronok, uniq_psyche
D:12:     layout_rooms, orc_0_dummy, uniq_urug
D:13:     layout_stronghold, david_vaults_4, portal_ice_cave_entry_imps,
          uniq_kirke
Temple:   compressed_dpeg_circular_temple
Lair:1:   layout_misc_corridors, grunt_megastairs_5, infiniplex_staircase_pool,
          uniq_nergalle
Lair:2:   layout_roguey, shoals_dummy_entry, dummy_spider_entry, basic_altar,
          uniq_sonja
Lair:3:   layout_loops_ring, uniq_snorg
Lair:4:   beast_lair_carwin_large_4, layout_cave_pods,
          nicolae_slime_entry_slimehenge
Lair:5:   minmay_lair_end_enchanted_forest, layout_cave_pods, serial_rivers,
          chequers_serial_rivers_room_a, chequers_serial_rivers_marsh,
          chequers_serial_rivers_small_a, chequers_serial_rivers_micro_c,
          chequers_serial_rivers_micro_d, chequers_serial_rivers_small_3,
          grunt_forest_small_clearings, grunt_megastairs_2
Orc:1:    layout_caves, nicolae_orc_pool_cavern
Orc:2:    hellmonk_orc_salted, layout_caves, serial_shops, shop, uniq_maurice
Elf:1:    eino_elf_arrival_sip, layout_geoelf_diagonals, serial_shops, shop,
          minivault_28, grunt_ministairs_14, minmay_the_grid_2x2
          [minmay_the_grid_spin_star, minmay_the_grid_dragon_a,
          minmay_the_grid_armoury, minmay_the_grid_prize_shrinking_boxes]

Skill      XL: |  1  2  3  4  5  6  7  8  9 10 11 12 13 14 15 |
---------------+----------------------------------------------+-----
Axes           | 4 5 6 7 8 10 12 14 16 18 20 21 23 | 23.8
Fighting       | 4 5 6 7 9 10 12 13 14 15 16 | 16.8
Armour         | 3 4 5 6 7 8 10 12 13 14 16 | 16.5
Dodging        | |  2.1

Action                     |  1- 3 |  4- 6 |  7- 9 | 10-12 | 13-15 | 16-18 || total
---------------------------+-------+-------+-------+-------+-------+-------++-------
  Melee: Hand axe          |    67 |   138 |   104 |   649 |   595 |       ||  1553
         Headbutt          |     7 |    16 |    30 |   137 |   205 |     6 ||   401
         Punch             |     1 |       |     2 |     9 |    12 |       ||    24
         War axe           |       |       |   121 |       |       |       ||   121
         Mace              |       |       |       |       |    24 |       ||    24
         Battleaxe         |       |       |       |       |   285 |    26 ||   311
 Invoke: Berserk           |     2 |     2 |     9 |    27 |    15 |       ||    55
         Trog's Hand       |       |     2 |     8 |    16 |    12 |       ||    38
    Use: Scroll            |     1 |     9 |       |     9 |    11 |     7 ||    37
         Potion            |       |       |     1 |     4 |     5 |       ||    10
 Armour: Animal skin       |    29 |       |       |       |       |       ||    29
         Ring mail         |     3 |       |       |       |       |       ||     3
         Scale mail        |       |    54 |   159 |       |    65 |     9 ||   287
         Plate armour      |       |       |    21 |   472 |   682 |    20 ||  1195
  Dodge: Dodged            |    35 |    58 |   122 |   170 |   329 |    13 ||   727
